 Dungeon Crawl Stone Soup version 0.20.2-3-g29329e0561 (webtiles) character file.

105 Alfie the Skirmisher (level 4, -4/41 HPs)
             Began as a Minotaur Fighter on Jan 15, 2021.
             Killed by divine providence
             ... invoked by an orc priest
              (8 damage)
             ... on level 2 of the Dungeon.
             The game lasted 00:02:18 (707 turns).

Alfie the Skirmisher (Minotaur Fighter)              Turns: 707, Time: 00:02:18

Health: -4/41      AC:  7    Str: 21    XL:     4   Next: 54%
Magic:  3/3        EV:  8    Int:  5    God:
Gold:   52         SH:  9    Dex: 10    Spells: 3/3 levels left

rFire    . . .     SeeInvis .   a - +0 long sword
rCold    . . .     Gourm    .   c - +0 shield
rNeg     . . .     Faith    .   b - +0 scale mail
rPois    .         Spirit   .   (helmet restricted)
rElec    .         Reflect  .   (no cloak)
rCorr    .         Harm     .   (no gloves)
MR       .....                  (no boots)
Stlth    ..........             (no amulet)
Regen    0.2/turn               (no ring)
MPRegen  0.1/turn               (no ring)

@: no status effects
A: retaliatory headbutt, horns 2
a: no special abilities


You were on level 2 of the Dungeon.
You were not hungry.

You visited 1 branch of the dungeon, and saw 2 of its levels.

You collected 52 gold pieces.

Inventory:

Hand Weapons
 a - a +0 long sword (weapon)
Missiles
 g - 4 tomahawks (quivered)
Armour
 b - a +0 scale mail (worn)
 c - a +0 shield (worn)
Jewellery
 o - an uncursed ring of protection from fire {unknown}
 q - a +3 amulet of reflection {unknown}
Scrolls
 e - a scroll of recharging {unknown}
 i - a scroll of fog {unknown}
 k - 2 scrolls of teleportation {unknown}
 l - a scroll of remove curse {unknown}
 r - a scroll of enchant weapon {unknown}
 u - a scroll of enchant armour {unknown}
Potions
 d - a potion of might
 h - a potion of flight {unknown}
 j - a potion of invisibility {unknown}
 n - a potion of lignification
 s - a potion of agility {unknown}
 t - a potion of curing
Comestibles
 f - 2 bread rations
 m - 4 fruits
 p - 2 meat rations


   Skills:
 + Level 4.4 Fighting
 + Level 3.5 Long Blades
 + Level 0.8 Throwing
 + Level 4.1 Armour
 + Level 1.0 Dodging
 + Level 0.1 Stealth
 + Level 4.4 Shields


You had 3 spell levels left.
You didn't know any spells.

Dungeon Overview and Level Annotations

Branches:
Dungeon (2/15)

Altars:


Innate Abilities, Weirdness & Mutations

You reflexively headbutt those who attack you in melee.
You have a pair of horns on your head.


Message History

The orc hits you from afar with a trident.
You block the orc's attack.
You feel less wooden.
Your +0 scale mail unmelds from your body.
You block the orc's attack. You block the orc's attack.
The orc priest calls down the wrath of Beogh upon you.
Beogh smites you!
* * * LOW HITPOINT WARNING * * *
You block the orc's attack. The orc barely misses you.
The orc barely misses you. You block the orc's attack.
You block the orc's attack. The orc closely misses you.
The orc hits you but does no damage. You block the orc's attack.
The orc priest calls down the wrath of Beogh upon you.
Beogh smites you!
You die...

.... .. .o..... .....
.## ..ยง.....#
....o.#.# .....#.#
#########...#######.#
..........(oo)@....#
#..#..#.#.#########
..##..#......#
......<.....(#
#.######.....# .
##...## #...# #...#
#...#


You could see an orc priest and an orc.

Vanquished Creatures
  3 orc wizards (D:2)
  A dart slug (D:1)
  A leopard gecko (D:2)
  2 orcs (D:2)
  2 hobgoblins (D:1)
  4 bats
  2 frilled lizards
  A goblin (D:1)
  3 kobolds (D:1)
  2 rats (D:1)
21 creatures vanquished.

Notes
Turn   | Place    | Note
-------+----------+-------------------------------------------
     0 | D:1      | Alfie the Minotaur Fighter began the quest for the Orb.
     0 | D:1      | Reached XP level 1. HP: 19/19 MP: 0/0
   258 | D:1      | Reached XP level 2. HP: 27/27 MP: 1/1
   640 | D:2      | Reached XP level 3. HP: 23/34 MP: 2/2
   660 | D:2      | Reached skill level 1 in Dodging
   660 | D:2      | Reached XP level 4. HP: 15/41 MP: 3/3
   699 | D:2      | HP: 2/41 [orc priest/divine providence (11)]
   707 | D:2      | Killed from afar by an orc priest

Skill      XL: |  1  2  3  4 |
---------------+-------------+-----
Shields        | 4 |  4.4
Fighting       | 4 |  4.4
Armour         | 4 |  4.1
Dodging        | 1 |  1.0
Long Blades    | 3 |  3.5
Throwing       | |  0.8
Stealth        | |  0.1

Action                   |  1- 3 |  4- 6 || total
-------------------------+-------+-------++-------
Melee: Long sword        |    61 |     6 ||    67
       Headbutt          |     4 |     1 ||     5
Throw: Tomahawk          |     6 |       ||     6
  Use: Potion            |       |     2 ||     2
Armor: Scale mail        |    25 |     2 ||    27
       Skin              |       |    15 ||    15
Dodge: Dodged            |    16 |     5 ||    21
Block: Shield            |    33 |    20 ||    53
       Rpst.: Long sword |     3 |     1 ||     4
